 Dungeon Crawl Stone Soup version 0.31.0-12-g77e489cdc1 (webtiles) character file.

Game seed: 13482291143910114969

87 Peloso the Trooper (level 4, -1/41 HPs)
             Began as a Minotaur Fighter on Feb 28, 2024.
             Slain by Sigmund
             ... wielding a +1 scythe of flaming
              (4 damage)
             ... on level 2 of the Dungeon.
             The game lasted 00:02:08 (1263 turns).

Peloso the Trooper (Minotaur Fighter)               Turns: 1263, Time: 00:02:08

Health: -1/41      AC:  7    Str: 21    XL:     4   Next: 28%
Magic:  3/3        EV:  9    Int:  5    God:
Gold:   70         SH:  6    Dex: 11    Spells: 3/3 levels left

rFire   . . .        a - +0 long sword
rCold   . . .        d - +2 buckler
rNeg    . . .        b - +0 scale mail
rPois   .            (helmet restricted)
rElec   .            (no cloak)
rCorr   .            (no gloves)
SInv    .            (no boots)
Will    .....        (no amulet) Stlth
                     (no ring)
HPRegen 0.26/turn    (no ring)
MPRegen 0.08/turn

%: no passive effects
@: no status effects
A: horns 2, retaliatory headbutt
a: no special abilities


You were on level 2 of the Dungeon.
You visited 1 branch of the dungeon, and saw 2 of its levels.

You collected 70 gold pieces.

Inventory:

Hand Weapons
 a - a +0 long sword (weapon)
Armour
 b - a +0 scale mail (worn)
 d - a +2 buckler (worn)
Talismans
 c - a serpent talisman
Wands
 l - a wand of flame (15)
Scrolls
 e - a scroll of fear {unknown}
 f - a scroll of summoning {unknown}
 g - a scroll of noise {unknown}
 j - a scroll of brand weapon {unknown}
 k - 2 scrolls of identify {unknown}
 n - a scroll of fog {unknown}
 o - a scroll of torment {unknown}
Potions
 h - 2 potions of might
 i - a potion of haste {unknown}
 m - 2 potions of magic {unknown}


   Skills:
 + Level 4.4 Fighting
 + Level 4.0 Long Blades
 + Level 4.1 Armour
 + Level 0.9 Dodging
 + Level 3.9 Shields


You had 3 spell levels left.
You didn't know any spells.
Your spell library was empty.

Dungeon Overview and Level Annotations

Branches:
Dungeon (2/15)

Altars:

Shops:
D:2 :

Annotations:
D:2 Sigmund


Innate Abilities, Weirdness & Mutations

You have a pair of horns on your head.
You reflexively headbutt those who attack you in melee.


Message History

The adder bites you but does no damage.
You closely miss the adder. You headbutt the adder!
You kill the adder!
Your Long Blades skill increases to level 4!
Found a stone staircase leading up.
Found 5 stones.
Found a runed barding.
m - 2 smoky blue potions (gained 1)
You see here a +1 barding.
You see here a +1 barding.
Found an escape hatch in the floor.
k - 2 scrolls labelled HOROKAUJECW (gained 1) Sigmund and a ball python come into view.
Sigmund is wielding a +1 scythe of flaming.
Sigmund shouts!
The ball python hisses angrily.
Sigmund gestures wildly while chanting.
Sigmund flickers and vanishes!
Deactivating autopickup; reactivate with Ctrl-A.
A ball python is nearby!
A ball python is nearby!
You barely miss the ball python.
The ball python bites you but does no damage.
The ball python closely misses you. The ball python bites you.
The ball python completely misses you.
You hit the ball python.
You kill the ball python!
Something hits you! Something burns you. Something hits you.
Something burns you. Something hits you. Something burns you.
You hit something. You headbutt something.
Something hits you but does no damage.
You hit something. Something hits you. Something burns you.
You barely miss something. You headbutt something!
You completely miss something. You headbutt something. Something hits you.
Something burns you.
* * * LOW HITPOINT WARNING * * *
You barely miss something. Something hits you!
* * * LOW HITPOINT WARNING * * *
Something burns you.
You die...

.# # #.##.# .##
#.##.##.# ...
#.>.....# ...#
####.####
.#.##########.#
..............#
.#.#.#######.##
.....##
#.###########
.#.#..#
#....@.......
......#
####{####.###
#.....# #.#
##....# #.#
###...# #.#
###...#########..
..............#.#
............###.#
............###


There were no monsters in sight!

Vanquished Creatures
  Terence (D:2)
  2 adders (D:2)
  A dart slug (D:1)
  A bat (D:1)
  4 endoplasms
  2 giant cockroaches
  3 goblins
  3 hobgoblins
  8 jackals
  4 kobolds
  A quokka (D:1)
  6 ball pythons
  4 frilled lizards
40 creatures vanquished.

Notes
Turn   | Place    | Note
-------+----------+-------------------------------------------
     0 | D:1      | Peloso the Minotaur Fighter began the quest for the Orb.
     0 | D:1      | Reached XP level 1. HP: 19/19 MP: 0/0
   118 | D:1      | Reached XP level 2. HP: 12/27 MP: 1/1
   407 | D:1      | Found a faded altar of an unknown god.
   489 | D:1      | Reached XP level 3. HP: 33/33 MP: 2/2
   740 | D:2      | Found Pimari Ciapp's Vocational Training.
  1063 | D:2      | Noticed Terence
  1084 | D:2      | Killed Terence
  1085 | D:2      | Reached XP level 4. HP: 32/41 MP: 3/3
  1252 | D:2      | Noticed Sigmund
  1263 | D:2      | Slain by Sigmund

Illustrated notes

Levels and vault maps discovered:
D:1:      wheals_arrival_shading, layout_rooms,
          shapermc_ecumenical_altar_flowoftime
D:2:      minmay_door_path, layout_loops_cross, serial_glass, glass_columns_a,
          glass_columns_a, glass_columns_b, glass_columns_a, glass_columns_c,
          glass_columns_a, glass_columns_a, glass_columns_b,
          nicolae_shop_vocational, uniq_sigmund, uniq_terence

Skill      XL: |  1  2  3  4 |
---------------+-------------+-----
Long Blades    | 3 4 |  4.0
Fighting       | 4 |  4.4
Armour         | 4 |  4.1
Dodging        | |  0.9
Shields        | |  3.9

Action                     |  1- 3 |  4- 6 || total
---------------------------+-------+-------++-------
  Melee: Long sword        |    98 |     8 ||   106
         Headbutt          |    16 |     4 ||    20
 Armour: Scale mail        |    82 |    10 ||    92
  Dodge: Dodged            |    52 |     2 ||    54
  Block: Buckler           |    38 |       ||    38
